 Dungeon Crawl Stone Soup version 0.28.0-55-gcd9437bce4 (webtiles) character file.

Game seed: 16100207415464922955

28 nerdsy the Covered (level 2, 0/27 HPs)
             Began as a Deep Dwarf Fighter on Jan 1, 2023.
             Slain by a gnoll
             ... wielding a +0 club
              (3 damage)
             ... on level 2 of the Dungeon.
             The game lasted 00:02:44 (1059 turns).

nerdsy the Covered (Deep Dwarf Fighter)             Turns: 1059, Time: 00:02:45

Health: 0/27       AC:  7    Str: 19    XL:     2   Next: 96%
Magic:  2/2        EV:  9    Int:  8    God:
Gold:   64         SH:  4    Dex: 12    Spells: 1/1 levels left

rFire   . . .      SeeInvis .   i - +0 falchion (holy)
rCold   . . .      Faith    .   c - +0 buckler
rNeg    . . .      Spirit   .   b - +0 scale mail
rPois   +          Reflect  .   (no helmet)
rElec   .          Harm     .   (no cloak)
rCorr   .          Rampage  .   (no gloves)
Will    .....                   (no boots)
Stlth   ..........              (no amulet)
HPRegen 0.00/turn               a - ring of poison resistance
MPRegen 0.08/turn               (no ring)

@: no status effects
A: damage resistance, heal wounds, sense surroundings 1, no regeneration
a: Heal Wounds


You were on level 2 of the Dungeon.
You visited 1 branch of the dungeon, and saw 2 of its levels.

You collected 64 gold pieces.

Inventory:

Hand Weapons
 i - a +0 falchion of holy wrath (weapon)
Missiles
 g - 2 poisoned darts
 h - 68 stones
Armour
 b - a +0 scale mail (worn)
 c - a +0 buckler (worn)
Jewellery
 a - a ring of poison resistance (left hand)
Scrolls
 e - a scroll of magic mapping {unknown}
 f - a scroll of immolation {unknown}
Potions
 d - a potion of might
 j - a potion of heal wounds {unknown}


   Skills:
 + Level 2.9 Fighting
 + Level 2.5 Axes
 + Level 3.8 Armour
 + Level 1.2 Dodging
 + Level 3.3 Shields


You had one spell level left.
You didn't know any spells.
Your spell library contained the following spells:

 Spells                   Type           Power      Damage    Failure   Level
 Scorch                   Fire           0%         2d5       94%         2
 Flame Wave               Conj/Fire      0%         2d4       100%        4
 Summon Cactus Giant      Summ           0%         N/A       100%        6


Dungeon Overview and Level Annotations

Branches:
Dungeon (2/15)

Altars:

Annotations:
D:2 Robin


Innate Abilities, Weirdness & Mutations

You are resistant to damage.
You can heal yourself by infusing magical energy.
You passively map a small area around you.
You do not regenerate.


Message History

The gnoll closely misses you. You block the goblin's attack.
The gnoll closely misses you.
Robin zaps a wand.
The puff of flame hits you!
* * * LOW HITPOINT WARNING * * *
Activating: Heal Wounds (30% risk of failure)
Press: ? - help, Q - select action, (/) - cycle Dir - look around, f - activate You feel much better.
The goblin hits you with a +0 club. The gnoll barely misses you.
The gnoll hits you from afar with a +0 spear.
The goblin hits you but does no damage.
Robin says, "Bow before me, strongest of all the hobgoblins!"
You block Robin's attack.
You closely miss the goblin.
The goblin is moderately wounded.
The goblin hits you but does no damage. The gnoll hits you with a +0 club.
The gnoll hits you from afar with a +0 spear.
The goblin hits you with a +0 dagger. Robin hits you but does no damage.
The goblin completely misses you. The gnoll hits you with a +0 club.
You hit the goblin.
You kill the goblin!
The gnoll hits you but does no damage. The goblin barely misses you.
Robin zaps a wand.
The puff of flame hits you. The gnoll hits you but does no damage.
The gnoll barely misses you. The goblin hits you but does no damage.
The goblin unwields a +0 hunting sling.
The goblin wields a +0 club.
The goblin closely misses you.
Robin says, "A pitiful Dwarf like you will never find the ORB!"
Robin hits you but does no damage.
You closely miss the goblin.
The goblin no longer looks unusually strong.
The gnoll hits you but does no damage. You block the gnoll's attack.
The goblin hits you but does no damage. Robin hits you but does no damage.
The goblin closely misses you.
You hit the goblin.
You kill the goblin!
The gnoll hits you but does no damage.
The gnoll hits you from afar with a +0 spear.
The goblin hits you but does no damage.
Robin zaps a wand.
The puff of flame hits you!
* * * LOW HITPOINT WARNING * * *
The gnoll hits you with a +0 club.
You die...

#.#......## )..... * *
#.........###......
##..............$.
#<†........#...... ≈ *,
*#.†.....#......... *
.##..#...#.......#..*
,,.........<....g......
* .....#...#####g#..#..
..<.....#.. #@gg.# ,
........##.# *#gg..#**
, .......##*.. ....##
......# ##.#.##... ....
.. .##. * , , #.. .#
,..* , ** , ... ,:# . ,
* *###. * *


You could see Robin, 3 gnolls and 2 goblins.

Vanquished Creatures
  An adder (D:2)
  A giant cockroach (D:1)
  5 goblins (D:2)
  4 hobgoblins (D:2)
  3 bats (D:1)
  2 frilled lizards
  2 kobolds
  2 rats
20 creatures vanquished.

Notes
Turn   | Place    | Note
-------+----------+-------------------------------------------
     0 | D:1      | nerdsy the Deep Dwarf Fighter began the quest for the Orb.
     0 | D:1      | Reached XP level 1. HP: 20/20 MP: 1/1
   118 | D:1      | Found a faded altar of an unknown god.
   995 | D:2      | Reached skill level 1 in Dodging
   995 | D:2      | Reached XP level 2. HP: 25/27 MP: 2/2
  1015 | D:2      | Noticed Robin
  1059 | D:2      | Slain by a gnoll

Illustrated notes

Levels and vault maps discovered:
D:1:      minmay_arrival_radiant_lines, layout_loops_corners,
          shapermc_ecumenical_altar_mp_vishouse, serial_forest,
          infiniplex_forest_end_2, infiniplex_forest_end_2,
          infiniplex_forest_lined_1, infiniplex_forest_zigzag_1,
          infiniplex_forest_straight_1, infiniplex_forest_join,
          infiniplex_forest_lined_room_3, infiniplex_forest_clump_curved,
          infiniplex_forest_clump_double, minmay_misc_feat_tiny
D:2:      layout_rooms, chequers_serial_rivers_room_b, corexii_corridor_pit,
          uniq_robin, uniq_natasha

Skill      XL: |  1 |
---------------+----+-----
Dodging        | 1 |  1.2
Fighting       | |  2.9
Axes           | |  2.5
Armour         | |  3.8
Shields        | |  3.3

Action                   || total
-------------------------++-------
Melee: Falchion          ||    69
       War axe           ||    10
 Abil: Heal Wounds       ||     4
Armor: Scale mail        ||    84
Dodge: Dodged            ||   114
Block: Buckler           ||    44
